TOP OF THE 1ST |
UCLA Bruins batting - Pitching for University of Toronto Marlies : RHP Jay Hagan
|
Pitching: RHP Jay Hagan
|
|
Batting: LHB Mark Cummings
|
0-0: Foul Ball, location: 2F 0-1: Foul Ball, location: 2F 0-2: Strikes out swinging
|
Batting: RHB Melvin Yanes
|
0-0: Ball 1-0: Ground out 5-3 (Groundball, 56, EV 93.1 MPH)
|
Batting: RHB Andy Knerr
|
0-0: Foul Ball, location: 2F 0-1: Ball 1-1: Ball 2-1: SINGLE (Line Drive, 7S, EV 107.5 MPH)
|
Batting: RHB Ethan Krause
|
0-0: Swinging Strike 0-1: SINGLE (Groundball, 56D, EV 98.8 MPH) Andy Knerr to second
|
Batting: SHB Sean Munns
|
0-0: Called Strike 0-1: Called Strike 0-2: Ball 1-2: Foul Ball, location: 2F 1-2: Strikes out swinging
|
Top of the 1st over - 0 runs, 2 hits, 0 errors, 2 left on base; UCLA 0 - University of Toronto 0 |
BOTTOM OF THE 1ST |
University of Toronto Marlies batting - Pitching for UCLA Bruins : LHP Victor Orozco
|
Pitching: LHP Victor Orozco
|
|
Batting: RHB Charlie Townend
|
0-0: Ball 1-0: Ball 2-0: Called Strike 2-1: Ball 3-1: Swinging Strike 3-2: Strikes out swinging
|
Batting: SHB Conrade Gordon
|
0-0: Called Strike 0-1: Ball 1-1: Swinging Strike 1-2: Ball 2-2: Ball 3-2: Base on Balls
|
Batting: LHB Mitch Melton
|
0-0: Ball 1-0: Ball 2-0: Called Strike 2-1: Ball 3-1: Called Strike 3-2: Base on Balls Conrade Gordon to second
|
Batting: RHB Steve Campeau
|
0-0: Ball 1-0: Foul Ball, location: 2F 1-1: Fly out, F7 (Line Drive, 7, EV 88.8 MPH)
|
Batting: RHB Konrad van Pelt
|
0-0: Foul Ball, location: 2F 0-1: Called Strike 0-2: Foul Ball, location: 2F 0-2: Ball 1-2: Fly out, F8 (Flyball, 78D, EV 104.4 MPH)
|
Bottom of the 1st over - 0 runs, 0 hits, 0 errors, 2 left on base; UCLA 0 - University of Toronto 0 |
TOP OF THE 2ND |
UCLA Bruins batting - Pitching for University of Toronto Marlies : RHP Jay Hagan
|
Batting: RHB Issac Konol
|
0-0: Foul Ball, location: 2F 0-1: Ball 1-1: Ground out 6-3 (Groundball, 6, EV 98.1 MPH)
|
Batting: LHB Scott Mullett
|
0-0: Ball 1-0: Foul Ball, location: 2F 1-1: Fly out, F8 (Flyball, 78XD, EV 98.1 MPH)
|
Batting: RHB Michael Alvarado
|
0-0: Foul Ball, location: 2F 0-1: Swinging Strike 0-2: Foul Ball, location: 2F 0-2: Ball 1-2: Ball 2-2: SINGLE (Line Drive, 9S, EV 93.1 MPH)
|
Batting: RHB Pete Devaux
|
0-0: Ball 1-0: Ground out 6-3 (Groundball, 56D, EV 88.8 MPH)
|
Top of the 2nd over - 0 runs, 1 hit, 0 errors, 1 left on base; UCLA 0 - University of Toronto 0 |
BOTTOM OF THE 2ND |
University of Toronto Marlies batting - Pitching for UCLA Bruins : LHP Victor Orozco
|
Batting: RHB Todd Maybury
|
0-0: Ball 1-0: Ground out 6-3 (Groundball, 6, EV 80.6 MPH)
|
Batting: RHB John Wilson
|
0-0: Called Strike 0-1: Ball 1-1: Called Strike 1-2: Fly out, F2 (Popup, 23F, EV 85.0 MPH)
|
Batting: SHB Jake Seymour
|
0-0: Ball 1-0: Swinging Strike 1-1: Ball 2-1: Foul Ball, location: 2F 2-2: Foul Ball, location: 2F 2-2: Ball 3-2: Foul Ball, location: 2F 3-2: Base on Balls
|
Batting: RHB Kevin McGaughey
|
0-0: Called Strike 0-1: Ground out 6-3 (Groundball, P, EV 88.1 MPH)
|
Bottom of the 2nd over - 0 runs, 0 hits, 0 errors, 1 left on base; UCLA 0 - University of Toronto 0 |
TOP OF THE 3RD |
UCLA Bruins batting - Pitching for University of Toronto Marlies : RHP Jay Hagan
|
Batting: LHB Mark Cummings
|
0-0: Called Strike 0-1: Swinging Strike 0-2: Ground out 1-3 (Groundball, 13S, EV 67.5 MPH)
|
Batting: RHB Melvin Yanes
|
0-0: Swinging Strike 0-1: Swinging Strike 0-2: Ball 1-2: Foul Ball, location: 2F 1-2: Ground out 6-3 (Groundball, 56, EV 86.9 MPH)
|
Batting: RHB Andy Knerr
|
0-0: Ball 1-0: Ball 2-0: Ball 3-0: Called Strike 3-1: Base on Balls
|
Batting: RHB Ethan Krause
|
0-0: Called Strike 0-1: Ball 1-1: DOUBLE (Flyball, 8LD, EV 91.2 MPH) Andy Knerr to third Runner from 3rd tries for Home, SAFE, no throw by CF
|
Batting: SHB Sean Munns
|
0-0: Ground out 4-3 (Groundball, 34, EV 84.4 MPH)
|
Top of the 3rd over - 1 run, 1 hit, 0 errors, 1 left on base; UCLA 1 - University of Toronto 0 |
BOTTOM OF THE 3RD |
University of Toronto Marlies batting - Pitching for UCLA Bruins : LHP Victor Orozco
|
Batting: RHB Charlie Townend
|
0-0: Swinging Strike 0-1: Swinging Strike 0-2: Foul Ball, location: 2F 0-2: Strikes out swinging
|
Batting: SHB Conrade Gordon
|
0-0: Ball 1-0: Ball 2-0: Ball 3-0: Called Strike 3-1: Base on Balls
|
Batting: LHB Mitch Melton
|
0-0: Called Strike 0-1: Ball 1-1: Foul Ball, location: 2F 1-2: Foul Ball, location: 2F 1-2: Foul Ball, location: 2F 1-2: Ball 2-2: Foul Ball, location: 2F 2-2: Foul Ball, location: 2F 2-2: Ball 3-2: Foul Ball, location: 2F 3-2: SINGLE (Groundball, 34S, EV 93.8 MPH) (infield hit) Conrade Gordon to second
|
Batting: RHB Steve Campeau
|
0-0: Called Strike 0-1: Swinging Strike 0-2: Ball 1-2: Strikes out looking
|
Batting: RHB Konrad van Pelt
|
0-0: Called Strike 0-1: Fly out, F9 (Flyball, 89M, EV 78.8 MPH)
|
Bottom of the 3rd over - 0 runs, 1 hit, 0 errors, 2 left on base; UCLA 1 - University of Toronto 0 |
TOP OF THE 4TH |
UCLA Bruins batting - Pitching for University of Toronto Marlies : RHP Jay Hagan
|
Batting: RHB Issac Konol
|
0-0: Ball 1-0: Called Strike 1-1: Foul Ball, location: 2F 1-2: Ball 2-2: Ball 3-2: Reached on error, E8 (Flyball, 89M, EV 91.9 MPH)
|
Batting: LHB Scott Mullett
|
0-0: Called Strike 0-1: Ball 1-1: Ball 2-1: Foul Ball, location: 2F 2-2: SINGLE (Groundball, 34D, EV 101.2 MPH) Issac Konol to second Runner from 2nd tries for 3rd, SAFE, no throw by RF
|
Batting: RHB Michael Alvarado
|
0-0: Ball 1-0: Ground out 5-3 (Groundball, 56S, EV 69.4 MPH) Issac Konol scores Scott Mullett to second
|
Batting: RHB Pete Devaux
|
0-0: SINGLE (Groundball, 34D, EV 103.8 MPH) Scott Mullett to third
|
Batting: LHB Mark Cummings
|
0-0: Ball 1-0: Foul Ball, location: 2F 1-1: Ball 2-1: Foul Ball, location: 2F 2-2: Fly out, F7 (Line Drive, 7, EV 96.9 MPH)
|
Batting: RHB Melvin Yanes
|
0-0: Called Strike 0-1: Fly out, F2 (Popup, 2L, EV 96.9 MPH)
|
Top of the 4th over - 1 run, 2 hits, 1 error, 2 left on base; UCLA 2 - University of Toronto 0 |
BOTTOM OF THE 4TH |
University of Toronto Marlies batting - Pitching for UCLA Bruins : LHP Victor Orozco
|
Batting: RHB Todd Maybury
|
0-0: Swinging Strike 0-1: Ball 1-1: Swinging Strike 1-2: SINGLE (Groundball, 6D, EV 100.6 MPH)
|
Batting: RHB John Wilson
|
0-0: Grounds into double play, 6-4-3 (Groundball, 6, EV 91.9 MPH)
|
Batting: SHB Jake Seymour
|
0-0: Foul Ball, location: 2F 0-1: Ball 1-1: Called Strike 1-2: Ball 2-2: Fly out, F9 (Flyball, 89S, EV 86.9 MPH)
|
Bottom of the 4th over - 0 runs, 1 hit, 0 errors, 0 left on base; UCLA 2 - University of Toronto 0 |
TOP OF THE 5TH |
UCLA Bruins batting - Pitching for University of Toronto Marlies : RHP Jay Hagan
|
Batting: RHB Andy Knerr
|
0-0: Ball 1-0: Called Strike 1-1: Ball 2-1: Ball 3-1: Base on Balls
|
Batting: RHB Ethan Krause
|
0-0: Called Strike 0-1: Swinging Strike 0-2: Ball 1-2: Ball 2-2: Grounds into double play, 5-4-3 (Groundball, 5L, EV 109.4 MPH)
|
Batting: SHB Sean Munns
|
0-0: Ball 1-0: Called Strike 1-1: Ball 2-1: Called Strike 2-2: Strikes out swinging
|
Top of the 5th over - 0 runs, 0 hits, 0 errors, 0 left on base; UCLA 2 - University of Toronto 0 |
BOTTOM OF THE 5TH |
University of Toronto Marlies batting - Pitching for UCLA Bruins : LHP Victor Orozco
|
Batting: RHB Kevin McGaughey
|
0-0: Foul Ball, location: 2F 0-1: Called Strike 0-2: Ball 1-2: DOUBLE (Flyball, 89D, EV 101.2 MPH)
|
Pitching: RHP Juan Zatarain
|
|
Batting: RHB Charlie Townend
|
0-0: Called Strike 0-1: Ball 1-1: Ball 2-1: Foul Ball, location: 2F 2-2: Strikes out swinging
|
Batting: SHB Conrade Gordon
|
0-0: Called Strike 0-1: Ball 1-1: Foul Ball, location: 2F 1-2: Ball 2-2: Strikes out swinging
|
Batting: LHB Mitch Melton
|
0-0: Foul Ball, location: 2F 0-1: Ball 1-1: Swinging Strike 1-2: Strikes out swinging
|
Bottom of the 5th over - 0 runs, 1 hit, 0 errors, 1 left on base; UCLA 2 - University of Toronto 0 |
TOP OF THE 6TH |
UCLA Bruins batting - Pitching for University of Toronto Marlies : RHP Jay Hagan
|
Batting: RHB Issac Konol
|
0-0: Called Strike 0-1: Ball 1-1: Ball 2-1: Ball 3-1: SINGLE (Line Drive, 9S, EV 103.1 MPH)
|
Pitching: RHP Mario Cumplido
|
|
Batting: LHB Scott Mullett
|
0-0: Called Strike 0-1: Ball 1-1: Foul Ball, location: 2F 1-2: Ball 2-2: Strikes out swinging
|
Batting: RHB Michael Alvarado
|
0-0: Ball 1-0: Foul Ball, location: 2F 1-1: Fielders Choice at 2nd, 5-4 (Groundball, 15, EV 82.5 MPH)
|
Batting: RHB Pete Devaux
|
0-0: Ball 1-0: Ball 2-0: Ball 3-0: Called Strike 3-1: SINGLE (Groundball, 4MS, EV 67.5 MPH) (infield hit) Michael Alvarado to second
|
Batting: LHB Mark Cummings
|
0-0: Swinging Strike 0-1: Ball 1-1: Ball 2-1: Ball 3-1: Called Strike 3-2: Strikes out swinging
|
Top of the 6th over - 0 runs, 2 hits, 0 errors, 2 left on base; UCLA 2 - University of Toronto 0 |
BOTTOM OF THE 6TH |
University of Toronto Marlies batting - Pitching for UCLA Bruins : RHP Juan Zatarain
|
Batting: RHB Steve Campeau
|
0-0: Swinging Strike 0-1: Ball 1-1: Called Strike 1-2: SINGLE (Groundball, 34S, EV 96.2 MPH)
|
Pitching: RHP Cyrano Papadoupolos
|
|
Batting: RHB Konrad van Pelt
|
0-0: Foul Ball, location: 2F 0-1: Grounds into double play, 6-4-3 (Groundball, 6M, EV 86.9 MPH)
|
Batting: RHB Todd Maybury
|
0-0: Ball 1-0: Foul Ball, location: 2F 1-1: Foul Ball, location: 2F 1-2: Strikes out swinging
|
Bottom of the 6th over - 0 runs, 1 hit, 0 errors, 0 left on base; UCLA 2 - University of Toronto 0 |
TOP OF THE 7TH |
UCLA Bruins batting - Pitching for University of Toronto Marlies : RHP Mario Cumplido
|
Pitching: LHP Nick Holt
|
|
Batting: RHB Melvin Yanes
|
0-0: Ball 1-0: Ball 2-0: Foul Ball, location: 2F 2-1: Swinging Strike 2-2: Ball 3-2: Fly out, F8 (Line Drive, 8RD, EV 97.5 MPH)
|
Batting: RHB Andy Knerr
|
0-0: Ball 1-0: Ball 2-0: Foul Ball, location: 2F 2-1: Foul Ball, location: 2F 2-2: Foul Ball, location: 2F 2-2: Ball 3-2: Ground out 5-3 (Groundball, 56, EV 85.6 MPH)
|
Batting: RHB Ethan Krause
|
0-0: Ball 1-0: Ball 2-0: SINGLE (Line Drive, 6D, EV 103.1 MPH)
|
Batting: SHB Sean Munns
|
0-0: Ball 1-0: Fielders Choice at 2nd, 6-4 (Groundball, 6, EV 106.9 MPH)
|
Top of the 7th over - 0 runs, 1 hit, 0 errors, 1 left on base; UCLA 2 - University of Toronto 0 |
BOTTOM OF THE 7TH |
University of Toronto Marlies batting - Pitching for UCLA Bruins : RHP Cyrano Papadoupolos
|
Batting: RHB John Wilson
|
0-0: Fly out, F7 (Line Drive, 78S, EV 98.1 MPH)
|
Batting: SHB Jake Seymour
|
0-0: Called Strike 0-1: Called Strike 0-2: Ball 1-2: Fly out, F6 (Line Drive, 6, EV 70.6 MPH)
|
Batting: RHB Kevin McGaughey
|
0-0: Called Strike 0-1: Foul Ball, location: 2F 0-2: Strikes out swinging
|
Bottom of the 7th over - 0 runs, 0 hits, 0 errors, 0 left on base; UCLA 2 - University of Toronto 0 |
TOP OF THE 8TH |
UCLA Bruins batting - Pitching for University of Toronto Marlies : LHP Nick Holt
|
Pitching: RHP Mike McDonald
|
|
Batting: RHB Issac Konol
|
0-0: Fly out, F8 (Line Drive, 89M, EV 91.9 MPH)
|
Batting: LHB Scott Mullett
|
0-0: Ball 1-0: Ball 2-0: Called Strike 2-1: Foul Ball, location: 2F 2-2: Strikes out swinging
|
Batting: RHB Michael Alvarado
|
0-0: Called Strike 0-1: Called Strike 0-2: Ball 1-2: Ball 2-2: SINGLE (Groundball, 4MD, EV 95.6 MPH)
|
Batting: RHB Pete Devaux
|
0-0: Ball 1-0: Foul Ball, location: 2F 1-1: Ball 2-1: Called Strike 2-2: Foul Ball, location: 2F 2-2: Strikes out swinging
|
Top of the 8th over - 0 runs, 1 hit, 0 errors, 1 left on base; UCLA 2 - University of Toronto 0 |
BOTTOM OF THE 8TH |
University of Toronto Marlies batting - Pitching for UCLA Bruins : RHP Cyrano Papadoupolos
|
Pitching: LHP Joe Landgraff
|
|
Batting: RHB Charlie Townend
|
0-0: Called Strike 0-1: Ball 1-1: Foul Ball, location: 2F 1-2: Ball 2-2: SINGLE (Groundball, 4MD, EV 98.8 MPH)
|
Batting: SHB Conrade Gordon
|
0-0: Called Strike 0-1: Foul Ball, location: 2F 0-2: Fielders Choice at 2nd, 3-6 (Groundball, 3D, EV 102.5 MPH)
|
Batting: LHB Mitch Melton
|
0-0: Ball 1-0: Ball 2-0: Ball 3-0: Called Strike 3-1: Grounds into double play, 5-4-3 (Groundball, 5, EV 77.5 MPH)
|
Bottom of the 8th over - 0 runs, 1 hit, 0 errors, 0 left on base; UCLA 2 - University of Toronto 0 |
TOP OF THE 9TH |
UCLA Bruins batting - Pitching for University of Toronto Marlies : RHP Mike McDonald
|
Pitching: RHP Aaron Knight
|
|
Batting: LHB Mark Cummings
|
0-0: Called Strike 0-1: Fly out, F7 (Line Drive, 7, EV 90.0 MPH)
|
Batting: RHB Melvin Yanes
|
0-0: Called Strike 0-1: SINGLE (Flyball, 89S, EV 85.6 MPH)
|
Batting: RHB Andy Knerr
|
0-0: Ball 1-0: Swinging Strike 1-1: Foul Ball, location: 2F 1-2: 2-RUN HOME RUN (Flyball, 7LD, EV 98.1 MPH), Distance : 347 ft
|
Batting: LHB Dave Hutchison
|
0-0: Called Strike 0-1: Swinging Strike 0-2: Strikes out swinging
|
Batting: SHB Sean Munns
|
0-0: Ball 1-0: Fly out, F9 (Flyball, 9LSF, EV 91.2 MPH)
|
Top of the 9th over - 2 runs, 2 hits, 0 errors, 0 left on base; UCLA 4 - University of Toronto 0 |
BOTTOM OF THE 9TH |
University of Toronto Marlies batting - Pitching for UCLA Bruins : LHP Joe Landgraff
|
Pitching: LHP Marcus Finch
|
|
Batting: RHB Steve Campeau
|
0-0: Called Strike 0-1: Ball 1-1: Ball 2-1: Foul Ball, location: 2F 2-2: Foul Ball, location: 2F 2-2: Foul Ball, location: 2F 2-2: Hit by Pitch
|
Batting: RHB Konrad van Pelt
|
0-0: Ball 1-0: Fielders Choice at 2nd, 4-6 (Groundball, 4M, EV 102.5 MPH)
|
Batting: RHB Todd Maybury
|
0-0: Ball 1-0: Foul Ball, location: 2F 1-1: Swinging Strike 1-2: Ball 2-2: Foul Ball, location: 2F 2-2: Strikes out looking
|
Batting: RHB John Wilson
|
0-0: Fly out, F9 (Line Drive, 9LM, EV 100.6 MPH)
|
Bottom of the 9th over - 0 runs, 0 hits, 0 errors, 1 left on base; UCLA 4 - University of Toronto 0 |
|